 Seeded DCSS version 0.30.1-4-g462c640d31 (webtiles) character file.

Game seed: 6351066067085065685 (custom seed)

2051 Esekla the Thaumaturge (level 9, -2/45 HPs)
             Began as a Deep Elf Necromancer on Sept 3, 2023.
             Was a Believer of Vehumet.
             Slain by Menkaure (16 damage)
             ... on level 7 of the Dungeon on Sept 4, 2023.
             The game lasted 00:36:32 (5615 turns).

Esekla the Thaumaturge (Deep Elf Necromancer)       Turns: 5615, Time: 00:36:32

Health: -2/45      AC:  5    Str:  5    XL:     9   Next: 4%
Magic:  19/23      EV: 14    Int: 25    God:    Vehumet [**....]
Gold:   367        SH:  0    Dex: 15    Spells: 12/25 levels left

rFire   . . .        c - +0 scimitar
rCold   . . .        (no shield)
rNeg    . . .        F - +0 robe
rPois   .            j - +0 helmet
rElec   .            E - +0 cloak
rCorr   .            l - +0 pair of gloves
SInv    .            (no boots)
Will    .....        y - amulet of magic regeneration
Stlth   +++          (no ring)
HPRegen 0.27/turn    (no ring)
MPRegen 0.58/turn

%: no passive effects
@: no status effects
A: no striking features
a: Renounce Religion


You were on level 7 of the Dungeon.
You worshipped Vehumet.
Vehumet was pleased with you.
You visited 1 branch of the dungeon, and saw 7 of its levels.

You collected 367 gold pieces.

Inventory:

Hand Weapons
 a - a +2 vampiric dagger
 c - a +0 scimitar (weapon)
 r - a +0 trident
 s - the +5 rapier of the Hero {heavy, rN+ Dex+3}
   (You found it on level 3 of the Dungeon)

   Dex:       It affects your dexterity (+3).
   rN:        It protects you from negative energy.
Missiles
 q - 23 poisoned darts (quivered)
Armour
 j - a +0 helmet (worn)
 l - a +0 pair of gloves (worn)
 E - a +0 cloak (worn)
 F - a +0 robe (worn)
Jewellery
 y - an amulet of magic regeneration (around neck)
Wands
 i - a wand of roots (20)
 B - a wand of flame (15)
Scrolls
 d - 2 scrolls of amnesia {unknown}
 f - 8 scrolls of identify {unknown}
 h - a scroll of immolation {unknown}
 m - a scroll of enchant armour {unknown}
 n - 2 scrolls of fog {unknown}
 p - 2 scrolls of blinking {unknown}
 t - a scroll of silence {unknown}
 v - a scroll of summoning {unknown}
 w - 3 scrolls of enchant weapon {unknown}
 x - a scroll of magic mapping {unknown}
 A - 2 scrolls of fear
 C - a scroll of teleportation {unknown}
 G - a scroll of poison {unknown}
Potions
 b - a potion of magic
 e - 3 potions of brilliance {unknown}
 g - 2 potions of attraction
 k - 5 potions of curing
 o - 2 potions of heal wounds {unknown}
 u - a potion of mutation {unknown}
 z - a potion of lignification {unknown}
 D - 2 potions of ambrosia


   Skills:
 + Level 2.2 Short Blades
 + Level 1.1 Throwing
 * Level 5.9 Dodging
 + Level 4.7 Stealth
 * Level 8.9 Spellcasting
 * Level 3.1 Conjurations
 * Level 8.4 Necromancy
 * Level 4.2 Translocations


You had 12 spell levels left.
You knew the following spells:

 Your Spells              Type           Power      Damage    Failure   Level
a - Necrotise             Necr           100%       1d9       1%          1
b - Foxfire               Conj/Fire      76%        2x1d7     3%          1
d - Vampiric Draining     Necr           52%        2d9       1%          3
e - Searing Ray           Conj           52%        2d6       2%          2
n - Ignite Poison         Fire/Tmut/Pois 11%        N/A       17%         3
t - Teleport Other        Tloc           32%        N/A       3%          3

Your spell library contained the following spells:

 Spells                   Type           Power      Damage    Failure   Level
 Lesser Beckoning         Tloc           64%        N/A       1%          2
 Animate Dead             Necr           52%        N/A       1%          4
 Gell's Gravitas          Tloc           32%        N/A       3%          3
 Agony                    Necr           52%        N/A       4%          5
 Spider Form              Tmut/Pois      11%        N/A       17%         3
 Cause Fear               Hex            5%         N/A       50%         4
 Summon Mana Viper        Hex/Summ       11%        N/A       83%         5


Dungeon Overview and Level Annotations

Branches:
Dungeon (7/15)             Temple (0/1) D:6

Altars:
Dithmenos
Fedhas
Hepliaklqana
Okawaru
Qazlal
Trog
Vehumet
Zin
The Shining One

Shops:
D:2 =   D:4 (

Annotations:
D:7 Menkaure


Message History

You see here a wand of mindburst (9).
You feel the dreadful sensation subside.
c - a +0 scimitar (weapon)
Casting: Vampiric Draining (safe; 1% risk of failure)
Confirm with . or Enter, or press ? or * to list all spells.
Aiming: Searing Ray (safe; 2% risk of failure)
Press: ? - help, Shift-Dir - straight line, f - Menkaure
Aim: Menkaure (90% to hit)
The searing ray hits Menkaure.
Menkaure is lightly damaged. (Press . to maintain the ray.) Menkaure calls on the powers of darkness!
Your body is wracked with pain!
The searing ray hits Menkaure.
Menkaure is lightly damaged.
Menkaure's bandages flutter.
The searing ray hits Menkaure.
Menkaure is moderately damaged.
The searing ray hits Menkaure.
Menkaure is moderately damaged.
You finish channelling your searing ray.
Menkaure hits you!
* * * LOW HITPOINT WARNING * * *
Okay, then.
It was a potion of curing.
You feel better.
Menkaure mumbles some strange words.
Menkaure seems to speed up.
Casting: Searing Ray (safe; 2% risk of failure)
Confirm with . or Enter, or press ? or * to list all spells.
Aiming: Searing Ray (safe; 2% risk of failure)
Press: ? - help, Shift-Dir - straight line, f/p - Menkaure
Aim: Menkaure (moderately damaged, fast, 90% to hit)
The searing ray hits Menkaure.
Menkaure is heavily damaged. (Press . to maintain the ray.) Menkaure closely misses you.
The searing ray hits Menkaure.
Menkaure is severely damaged.
Menkaure hits you!
You die...

###.......#######
................#
...#............#
.
...#............#
..
...#............#
.?.
##.'............#
...
##.#.....###'####
.. .#.......#
#.#####.#
.###....##
#....@M.# .#
#....# #########
.# #....# .#
###### .# ##


You could see Menkaure (fast).

Vanquished Creatures
  Pikel (D:6)
  A wyvern (D:7)
  An ice beast (D:6)
  A sky beast (D:6)
  2 black bears
  An ogre (D:5)
  Blork the orc (D:6)
  A kobold brigand (D:6)
  2 scorpions (D:5)
  A gnoll bouda (D:3)
  5 hounds
  A jelly (D:6)
  Crazy Yiuf (D:7)
  A sleepcap (D:5)
  5 iguanas
  An orc wizard (D:7)
  12 gnolls
  9 adders
  3 white imps
  An ufetubus (D:6)
  A worm (D:3)
  3 dart slugs
  15 orcs
  6 ball pythons
  4 endoplasms
  8 goblins
  5 hobgoblins
  A quokka (D:1)
  4 bats
  4 frilled lizards
  12 kobolds
  A rat (D:2)
115 creatures vanquished.

Notes
Turn   | Place    | Note
-------+----------+-------------------------------------------
     0 | D:1      | Esekla the Deep Elf Necromancer began the quest for the
                  | Orb.
     0 | D:1      | Reached XP level 1. HP: 10/10 MP: 6/6
   215 | D:2      | Found Renulab's Jewellery Shop.
   404 | D:4      | Found an iron altar of Okawaru.
   451 | D:4      | Found a glowing silver altar of Zin.
   471 | D:4      | Found a radiant altar of Vehumet.
   475 | D:4      | Became a worshipper of Vehumet
   485 | D:4      | Noticed a gnoll bouda
   553 | D:3      | Reached skill level 5 in Necromancy
   655 | D:3      | Reached XP level 2. HP: 15/15 MP: 8/8
   830 | D:3      | Found a stormy altar of Qazlal.
   900 | D:3      | Reached XP level 3. HP: 2/19 MP: 9/9
   904 | D:3      | Learned a level 3 spell: Vampiric Draining
   983 | D:3      | Found a bloodstained altar of Trog.
   985 | D:3      | Found a hazy altar of Hepliaklqana.
  1261 | D:3      | Identified the +5 rapier of the Hero {heavy, rN+ Dex+3}
  1428 | D:1      | Reached XP level 4. HP: 24/24 MP: 11/11
  1563 | D:1      | Reached * piety under Vehumet
  1563 | D:1      | Offered knowledge of Foxfire by Vehumet.
  1569 | D:1      | Learned a level 3 spell: Teleport Other
  1573 | D:1      | Learned a level 1 spell: Foxfire
  1637 | D:1      | Reached skill level 1 in Short Blades
  1959 | D:2      | Found a faded altar of an unknown god.
  1985 | D:2      | Reached XP level 5. HP: 21/28 MP: 5/12
  2037 | D:2      | Noticed a black bear
  2051 | D:2      | Killed a black bear
  2052 | D:2      | Reached skill level 1 in Translocations
  2541 | D:3      | Reached XP level 6. HP: 12/32 MP: 5/14
  2807 | D:4      | Found a glowing golden altar of the Shining One.
  3027 | D:4      | Reached skill level 5 in Spellcasting
  3142 | D:4      | Found Ponaysk's Antique Weapon Boutique.
  3457 | D:5      | Entered Level 5 of the Dungeon
  3465 | D:5      | Got the Parchment of the Lumpy Olives
  3481 | D:5      | Found a shadowy altar of Dithmenos.
  3580 | D:5      | Reached ** piety under Vehumet
  3580 | D:5      | Offered knowledge of Searing Ray by Vehumet.
  3584 | D:5      | Learned a level 2 spell: Searing Ray
  3631 | D:5      | Reached XP level 7. HP: 26/36 MP: 8/17
  3853 | D:5      | Reached skill level 1 in Conjurations
  4079 | D:5      | Reached skill level 5 in Dodging
  4261 | D:6      | Reached skill level 1 in Throwing
  4562 | D:6      | Noticed Pikel
  4607 | D:7      | Found a runed translucent door.
  4609 | D:7      | Noticed Crazy Yiuf
  4618 | D:7      | Killed Crazy Yiuf
  4619 | D:7      | Reached XP level 8. HP: 30/41 MP: 16/19
  4706 | D:6      | Killed Pikel
  4846 | D:6      | Found a staircase to the Ecumenical Temple.
  5012 | D:6      | Noticed Blork the orc
  5050 | D:6      | Killed Blork the orc
  5195 | D:6      | Offered knowledge of Ignite Poison by Vehumet.
  5237 | D:6      | Learned a level 3 spell: Ignite Poison
  5252 | D:6      | Found a blossoming altar of Fedhas.
  5472 | D:7      | Reached XP level 9. HP: 22/45 MP: 17/23
  5607 | D:7      | Noticed Menkaure
  5615 | D:7      | Slain by Menkaure

Illustrated notes

Levels and vault maps discovered:
D:1:      sevenhm_arrival_forest_fort_small_3, layout_rooms,
          chequers_serial_rivers_room_b, minmay_misc_feat_five
D:2:      layout_loops_ring, dreamdust_ecumenical_altar_angels_and_demons,
          serial_shops, shop
D:3:      layout_basic, grunt_temple_overflow_open, minmay_misc_feat_iff
D:4:      layout_basic, nicolae_overflow_quartered_altars, serial_shops,
          nicolae_diamond_shop
D:5:      layout_loops_ring, lemuel_doored_altar, minmay_misc_feat_rows,
          dreamdust_wishing_well
D:6:      layout_loops_cross, fedhas_altar_fruit_tree,
          minmay_temple_entry_glass, uniq_pikel, uniq_blork_the_orc
D:7:      layout_basic, uniq_menkaure, uniq_joseph, uniq_crazy_yiuf_cottage

Skill      XL: |  1  2  3  4  5  6  7  8 |
---------------+-------------------------+-----
Necromancy     | 5 6 7 8 |  8.4
Dodging        | 3 4 5 |  5.9
Short Blades   | 1 2 |  2.2
Stealth        | 3 4 |  4.7
Spellcasting   | 4 5 6 8 |  8.9
Translocations | 1 2 4 |  4.2
Conjurations   | 1 3 |  3.1
Throwing       | 1 |  1.1

Action                     |  1- 3 |  4- 6 |  7- 9 || total
---------------------------+-------+-------+-------++-------
  Melee: Short sword       |   100 |       |       ||   100
         Unarmed           |     9 |       |       ||     9
         Rapier            |     7 |    12 |     6 ||    25
         Dagger            |       |   160 |   107 ||   267
         Punch             |       |     2 |     1 ||     3
  Throw: Dart              |       |     5 |    12 ||    17
   Cast: Vampiric Draining |       |    33 |    22 ||    55
         Searing Ray       |       |     1 |    17 ||    18
         Teleport Other    |       |       |     6 ||     6
  Evoke: Wand              |     1 |       |       ||     1
    Use: Scroll            |     1 |       |       ||     1
         Potion            |     3 |       |     1 ||     4
   Stab: Sleeping          |     4 |     2 |     7 ||    13
         Distracted        |       |     2 |       ||     2
 Armour: Robe              |    39 |    33 |    26 ||    98
  Dodge: Dodged            |    96 |    96 |    78 ||   270
